 Dungeon Crawl Stone Soup version 0.17.1-1-g73c8601 (webtiles) character file.

188 shmeve the Skirmisher (level 5, -2/47 HPs)
             Began as a Draconian Fighter on Apr 27, 2016.
             Killed from afar by an orc wizard (5 damage)
             ... with a puff of flame
             ... on level 3 of the Dungeon.
             The game lasted 00:03:54 (2125 turns).

shmeve the Skirmisher (Draconian Fighter)           Turns: 2125, Time: 00:03:54

Health: -2/47      AC:  5    Str: 25    XL:     5   Next: 39%
Magic:  5/5        EV: 10    Int:  8    God:
Gold:   104        SH:  9    Dex: 10    Spells: 0 memorised, 4 levels left

rFire  . . .     SeeInvis .     a - +0 war axe
rCold  . . .     Clarity  .     (armour unavailable)
rNeg   . . .     SustAt   .     b - +0 shield
rPois  .         Gourm    .     (helmet restricted)
rElec  .         Spirit   .     (no cloak)
rCorr  .         Warding  .     (no gloves)
rMut   .         Stasis   .     (no boots)
MR     .....                    (no amulet)
Stlth  +.........               (no ring)
                                (no ring)

@: mighty, not resistant to hostile enchantments, very unstealthy
A: unfitting armour, cold-blooded, AC +5
a: no special abilities


You were on level 3 of the Dungeon.
You were not hungry.

You visited 1 branch of the dungeon, and saw 3 of its levels.

You collected 104 gold pieces.

Inventory:

Hand Weapons
 a - a +0 war axe (weapon)
Armour
 b - a +0 shield (worn)
Scrolls
 e - 2 scrolls of immolation {unknown}
 g - 3 scrolls of identify {unknown}
 h - a scroll of remove curse {unknown}
 j - 3 scrolls of teleportation {unknown}
 m - a scroll of enchant weapon {unknown}
 n - 2 scrolls of fog {unknown}
Potions
 c - a potion of might
 k - a potion of lignification {unknown}
 l - a potion of brilliance {unknown}
Comestibles
 d - a bread ration
 f - a slice of pizza
 i - 2 beef jerkies


   Skills:
 * Level 4.4 Fighting
 * Level 3.2 Axes
 * Level 3.4 Dodging
 + Level 1.5 Stealth
 * Level 3.7 Shields


You had 4 spell levels left.
You didn't know any spells.

Dungeon Overview and Level Annotations

Branches:
Dungeon (3/15)

Altars:
Kikubaaqudgha
Yredelemnul


Innate Abilities, Weirdness & Mutations

Your plain brown scales are hard (AC +5).
Your body does not fit into most forms of armour.
You are cold-blooded and may be slowed by cold attacks.


Message History

Something smites you!
* * * LOW HITPOINT WARNING * * *
Drink which item? (? for menu, Esc to quit)
You feel very mighty all of a sudden. You block the giant gecko's attack.
You hit the orc wizard.
The orc wizard is moderately wounded.
You hit the giant gecko.
You kill the giant gecko!
The orc priest calls upon Beogh to heal the orc wizard.
The orc wizard's wounds heal themselves!
The orc completely misses you.
The orc wizard gestures at you while chanting.
The magic dart hits you!
* * * LOW HITPOINT WARNING * * *
You closely miss the orc wizard. You slice the orc!!
You kill the orc!
The orc wizard points at you and mumbles some strange words.
The puff of flame hits you!
You die...

#. #... ##.###...
........# #. . ........#
#.#.###.# ........#
#....#.. ........#
#.##.#.# ##
......oo####.##.#.#####.
.......@.....##.........
#.......).#...#.........
#.......#.#.#.....#...##
#......%#..(.((...(.#.##
#...........##..........
#..##.......##....<.....
...#.......(##.......##.
.....................###
.......#####.......# #


You could see an orc priest and an orc wizard.

Vanquished Creatures
  A big kobold (D:3)
  A crimson imp (D:3)
  2 adders
  An adder skeleton (D:3)
  2 worms (D:2)
  A giant gecko (D:3)
  2 orcs (D:3)
  12 bats
  8 hobgoblins
  4 jackals (D:3)
  6 kobolds
  A ball python (D:3)
  3 giant cockroaches
  4 giant newts
  6 goblins
  9 rats
  A fungus (D:1)
64 creatures vanquished.

Notes
Turn   | Place    | Note
--------------------------------------------------------------
     0 | D:1      | shmeve the Draconian Fighter began the quest for the Orb.
     0 | D:1      | Reached XP level 1. HP: 19/19 MP: 1/1
   341 | D:1      | Reached XP level 2. HP: 26/26 MP: 2/2
   970 | D:2      | Reached XP level 3. HP: 26/31 MP: 3/3
  1325 | D:2      | Found a basalt altar of Yredelemnul.
  1389 | D:2      | Found an ancient bone altar of Kikubaaqudgha.
  1610 | D:2      | Reached skill level 1 in Stealth
  1766 | D:3      | Noticed a big kobold
  1782 | D:3      | Killed a big kobold
  1782 | D:3      | Reached skill level 4 in Fighting
  1782 | D:3      | Reached XP level 4. HP: 23/40 MP: 4/4
  2025 | D:3      | Reached XP level 5. HP: 46/46 MP: 5/5
  2125 | D:3      | Killed from afar by an orc wizard

Action                   |  1- 3 |  4- 6 || total
-------------------------+-------+-------++-------
Melee: War axe           |   129 |    24 ||   153
  Use: Potion            |       |     1 ||     1
 Stab: Sleeping          |     2 |       ||     2
  Eat: Chunk             |     3 |     1 ||     4
